AoeStats
← 陟遐自迩

Oasis

507037672Analyzed
4v4 RM · 16d ago on Sep 16, 2026· 25m 12s· 8 players
Game mode
Random Map
Map size
Large (8 player)
Population
200
Speed
Normal
Resources
Standard
Victory
Conquest
Starting age
Dark Age
Ending age
Imperial Age
RankedLock teamsTeams togetherTeam positionsShared explorationLock speedFull tech treeHidden civsTurbo modeCheats
Victory
Defeat
🇦🇺 Tatars · Australia
1097
+14
🇮🇳 Burgundians · India
1057
+16
🇮🇳 Muisca · India
1032
+17
🇮🇳 Bulgarians · India
1021
+17
🇨🇳 Chinese · China
1138
-19
🇩🇪 Persians · Germany
1048
-16
🇨🇳 Japanese · China
1047
-16
🇦🇺 Huns · Australia
970
-13
爱坚果
3:14 Loom
10:55 Feudal Age
11:28 Horse Collar
11:38 Double-Bit Axe
16:11 Wheelbarrow
16:21 Wheelbarrow
20:06 Castle Age
18:44 Stone Mining
19:05 Gold Mining
20:38 Fletching
21:53 Hand Cart
only play blackforest map
0:28 Loom
11:10 Feudal Age
16:40 Castle Age
16:28 Double-Bit Axe
陟遐自迩
0:43 Loom
12:36 Feudal Age
14:00 Horse Collar
19:20 Castle Age
17:24 Double-Bit Axe
17:49 Stone Mining
19:52 Wheelbarrow
20:30 Bow Saw
20:22 Heavy Plow
20:54 Gold Mining
24:12 Forging
24:08 Scale Barding Armor
25:14 Husbandry
25:25 Bloodlines
zymini
0:26 Loom
12:05 Feudal Age
16:20 Castle Age
14:42 Double-Bit Axe
15:15 Gold Mining
17:48 Fletching
19:03 Crossbowman
KingJo
6:34 Loom
10:09 Feudal Age
10:47 Double-Bit Axe
20:14 Castle Age
19:01 Fletching
20:40 Padded Archer Armor
21:21 Bodkin Arrow
22:25 Bow Saw
22:27 Gold Mining
King Feet
3:18 Loom
11:35 Feudal Age
12:20 Champi Runner
18:56 Castle Age
17:28 Double-Bit Axe
19:31 Wheelbarrow
19:23 Stone Mining
19:14 Horse Collar
19:25 Gold Mining
19:59 Scale Mail Armor
20:09 Forging
20:04 Squires
23:55 Champi Warrior
ExxTACSY
1:10 Loom
13:42 Feudal Age
14:40 Arson
17:25 Scale Mail Armor
17:38 Forging
18:05 Scale Mail Armor
Ninja-Rio
11:45 Feudal Age
11:23 Loom
17:52 Castle Age
17:15 Double-Bit Axe
17:11 Horse Collar
17:28 Gold Mining
18:11 Cavalier
18:56 Husbandry
24:25 Forging
24:20 Scale Barding Armor
Connection lost

Rejoining the realm…

Still unreachable

The connection could not be restored.

Session expired

The server has moved on; the page needs a fresh start.